 Dungeon Crawl Stone Soup version 0.20.1-1-g8b1a95d (webtiles) character file.

490 Ijustatesigmund the Covert (level 6, -3/32 HPs)
             Began as a Spriggan Assassin on Sept 12, 2017.
             Killed from afar by Edmund (7 damage)
             ... with a wand of flame (?/48)
             ... on level 4 of the Dungeon.
             The game lasted 00:10:22 (3547 turns).

Ijustatesigmund the Covert (Spriggan Assassin)      Turns: 3547, Time: 00:10:22

Health: -3/32      AC:  5    Str:  7    XL:     6   Next: 90%
Magic:  7/7        EV: 21    Int: 13    God:
Gold:   77         SH:  4    Dex: 19    Spells: 5/5 levels left

rFire    . . .     SeeInvis +   a - +3 dagger (flame)
rCold    + . .     Gourm    .   (shield restricted)
rNeg     . . .     Faith    .   c - +0 robe
rPois    +         Spirit   .   n - +2 hat
rElec    .         Reflect  .   d - +0 cloak
rCorr    +         Harm     .   (gloves unavailable)
MR       +....                  (boots unavailable)
Stlth    ++++......             (no amulet)
Regen    0.1/turn               r - ring of protection from cold
MPRegen  0.1/turn               u - ring of resist corrosion

@: very quick
A: unfitting armour, large bone plates 1, see invisible, herbivore 3, speed 3,
poison resistance, slow metabolism 2
a: no special abilities


You were on level 4 of the Dungeon.
You were hungry.

You visited 1 branch of the dungeon, and saw 4 of its levels.

You collected 174 gold pieces.
You spent 97 gold pieces at shops.

Inventory:

Hand Weapons
 a - a +3 dagger of flaming (weapon)
 b - a +0 blowgun
Missiles
 e - 6 poisoned needles
 f - 2 curare-tipped needles
Armour
 c - a +0 robe (worn)
 d - a +0 cloak (worn)
 n - a +2 hat (worn)
Jewellery
 r - a ring of protection from cold (left hand)
 u - a ring of resist corrosion (right hand)
Wands
 s - a wand of polymorph (10/24)
Scrolls
 i - 3 scrolls of remove curse
Potions
 h - a potion of flight
 j - a potion of brilliance
 k - a potion of ambrosia
 l - a potion of mutation
 o - a potion of agility {unknown}
 p - a potion of invisibility {unknown}
 q - a potion of heal wounds
 t - a potion of lignification {unknown}
Books
 m - a book of Maledictions

   Spells                             Type                      Level
   a - Corona                         Hexes                        1
   b - Ensorcelled Hibernation        Hexes/Ice                    2
   c - Confuse                        Hexes                        3
   d - Tukima's Dance                 Hexes                        3
   e - Dazzling Spray                 Conjuration/Hexes            3
Comestibles
 g - 3 bread rations


   Skills:
 - Level 2.7 Fighting
 - Level 5.1 Short Blades
 - Level 2.0 Throwing
 + Level 5.1 Dodging
 + Level 8.3 Stealth


You had 5 spell levels left.
You didn't know any spells.

Dungeon Overview and Level Annotations

Branches:
Dungeon (4/15)
 Temple: D:4-7

Altars:

Shops:
D:4 *

Annotations:
D:4 Edmund


Innate Abilities, Weirdness & Mutations

You are very small and have problems with some larger weapons.
You are too small for most types of armour.
You have supernaturally acute eyesight. (SInv)
You are a herbivore.
You cover ground extremely quickly.
You need consume almost no food.
You are partially covered in large bone plates. (SH +4)
Your system is resistant to poisons. (rPois)


Message History

Edmund shouts!
Edmund says, "I'm quite good with sums, too."
Edmund zaps a wand.
The puff of flame hits you!
It is a wand of flame (?/48).
Edmund zaps a wand.
The puff of flame hits you!
You hit Edmund but do no damage.
Edmund hits you with a flail of protection!
You hit Edmund but do no damage.
Edmund says, "People accused me of being a cutpurse!"
Edmund zaps a wand.
The puff of flame hits you!
* * * LOW HITPOINT WARNING * * *
You are too injured to fight recklessly!
You are too injured to fight recklessly!
You are too injured to fight recklessly!
You are too injured to fight recklessly!
You are too injured to fight recklessly!
You are too injured to fight recklessly!
You are too injured to fight recklessly!
You are too injured to fight recklessly!
Edmund zaps a wand.
The puff of flame hits you!
You die...

#.#.##... ######.#.##.#.
............+. ####+####
#.......##.#. #.......#
#.......##.#. #......@#
#.......##.#. #.......#
##.......##.#.
########.#.......###........##)##
.........#......@#......#'#.##†#
#........#.......#.#....#.#.##.##
#.#..............#.#.#.#.##.##'#.
.∩%.$# ##+#+###.........#.#....
#.##.###.# ##.##'##.##.#....
........>. ...#...#.........
..#.#....# ###.+...+.##......
#.#.# ..# #..#...#..###...# #.#.#
# ##.##+##.#..'...#


You could see Edmund.

Vanquished Creatures
  Sigmund (D:4)
  The ghost of Ratty the Gusty, an amateur OpAE (D:4)
  A hound (D:4)
  2 worker ants (D:4)
  An adder (D:4)
  3 oozes
  3 worms
  5 dart slugs
  3 leopard geckos
  7 bats
  2 giant cockroaches (D:2)
  10 hobgoblins
  17 jackals
  A quokka (D:2)
  6 frilled lizards
  13 goblins
  9 kobolds
  A leopard gecko skeleton (D:4)
  13 rats
99 creatures vanquished.

Notes
Turn   | Place    | Note
-------+----------+-------------------------------------------
     0 | D:1      | Ijustatesigmund the Spriggan Assassin began the quest for the Orb.
     0 | D:1      | Reached XP level 1. HP: 10/10 MP: 2/2
    90 | D:1      | Reached XP level 2. HP: 13/14 MP: 3/3
   771 | D:1      | Reached XP level 3. HP: 13/18 MP: 4/4
   849 | D:1      | Reached skill level 6 in Stealth
   934 | D:2      | Found a faded altar of an unknown god.
  1450 | D:2      | Reached XP level 4. HP: 22/22 MP: 5/5
  2614 | D:3      | Reached skill level 7 in Stealth
  2994 | D:4      | Found Revihe's Assorted Antiques.
  3005 | D:4      | Bought a scroll labeled LYRRIL CUBLU for 25 gold pieces
  3005 | D:4      | Bought a brown potion for 22 gold pieces
  3005 | D:4      | Bought a scroll labeled CUCUJA ARRO for 25 gold pieces
  3005 | D:4      | Bought a scroll labeled TUTSUR ZUST for 25 gold pieces
  3086 | D:4      | Noticed Ratty's ghost (amateur OpAE)
  3092 | D:4      | Killed Ratty's ghost
  3092 | D:4      | Reached skill level 5 in Short Blades
  3092 | D:4      | Reached XP level 5. HP: 25/27 MP: 6/6
  3130 | D:4      | Reached XP level 6. HP: 11/32 MP: 7/7
  3338 | D:4      | Gained mutation: You are partially covered in large bone plates. (SH +4) [potion of mutation]
  3338 | D:4      | Gained mutation: Your system is resistant to poisons. (rPois) [potion of mutation]
  3462 | D:4      | Noticed Sigmund
  3496 | D:4      | Killed Sigmund
  3496 | D:4      | Reached skill level 8 in Stealth
  3504 | D:4      | Reached skill level 5 in Dodging
  3538 | D:4      | Noticed Edmund
  3547 | D:4      | Killed from afar by Edmund

Skill      XL: |  1  2  3  4  5  6 |
---------------+-------------------+-----
Short Blades   | 3 4 5 |  5.1
Stealth        | 6 7 8 |  8.3
Fighting       | 2 |  2.7
Dodging        | 3 5 |  5.1
Throwing       | |  2.0

Action                   |  1- 3 |  4- 6 || total
-------------------------+-------+-------++-------
Melee: Dagger            |   154 |   179 ||   333
 Fire: Blowgun           |       |    15 ||    15
  Use: Scroll            |     5 |     8 ||    13
       Potion            |     1 |     2 ||     3
 Stab: Sleeping          |     7 |    12 ||    19
       Distracted        |       |     1 ||     1
Armor: Robe              |    23 |    21 ||    44
Dodge: Dodged            |    92 |   133 ||   225
Block: Other             |       |     4 ||     4
